Get step-by-step instructions on how to execute this build order below. Start the game timer, and the build order will tick by so you can play in parallel with StarCraft on a second screen or mobile device.

Game Time

  0:00

Last Step

  N/A

Next Step

  12  0:00  Probe (Chrono Boost)  

Upcoming Step

  13  0:11  Probe (Chrono Boost)  

Don't want to look back and forth between 2 screens? Try out our Overwolf App, the Spawning Tool Build Advisor to get an in-game overlay with this build!

Complete Build Order

  12  0:00  Probe (Chrono Boost)  
  13  0:11  Probe (Chrono Boost)  
  14  0:17  Pylon  
  14  0:22  Probe (Chrono Boost)  
  15  0:36  Probe (Chrono Boost)  
  15  0:39  Gateway  
  16  0:46  Probe (Chrono Boost)  
  17  0:50  Assimilator  
  18  0:57  Probe (Chrono Boost)  
  18  1:07  Probe (Chrono Boost)  
  19  1:18  Probe (Chrono Boost)  
  20  1:25  Nexus  
  20  1:35  Cybernetics Core  
  20  1:37  Probe (Chrono Boost)  
  21  1:44  Assimilator  
  21  1:48  Probe (Chrono Boost)  
  21  1:53  Pylon  
  22  1:59  Probe (Chrono Boost)  
  23  2:11  Probe (Chrono Boost), Stalker (Chrono Boost), Warp Gate  
  26  2:22  Probe (Chrono Boost)  
  27  2:27  Robotics Facility  
  27  2:32  Probe (Chrono Boost)  
  27  2:37  Probe (Chrono Boost)  
  28  2:42  Adept (Chrono Boost)  
  28  2:43  Probe (Chrono Boost)  
  32  2:48  Probe (Chrono Boost)  
  33  2:54  Probe (Chrono Boost)  
  35  2:58  Probe (Chrono Boost)  
  35  3:05  Probe (Chrono Boost)  
  36  3:08  Probe (Chrono Boost)  
  37  3:13  Warp Prism (Chrono Boost)  
  39  3:20  Gateway  
  39  3:21  Gateway  
  39  3:23  Probe  
  39  3:26  Mothership Core (Chrono Boost)  
  42  3:31  Pylon  
  42  3:33  Probe  
  42  3:40  Twilight Council  
  43  3:45  Probe (Chrono Boost)  
  43  3:47  Observer, Probe (Chrono Boost)  
  46  3:56  Probe (Chrono Boost)  
  46  3:58  Pylon, Probe (Chrono Boost)  
  48  4:12  Probe x2 (Chrono Boost), Nexus  
  50  4:18  Zealot x2  
  50  4:19  Adept  
  50  4:24  Dark Shrine  
  56  4:25  Probe (Chrono Boost)  
  56  4:28  Probe (Chrono Boost)  
  58  4:36  Pylon, Probe (Chrono Boost)  
  58  4:38  Probe (Chrono Boost)  
  60  4:40  Assimilator  
  60  4:41  Assimilator  
  60  4:46  Pylon  
  60  4:48  Probe (Chrono Boost)  
  60  4:49  Probe (Chrono Boost)  
  62  4:54  Sentry x2  
  62  4:55  Sentry  
  68  5:00  Probe x2 (Chrono Boost)  
  68  5:04  Pylon  
  68  5:06  Immortal  
  74  5:11  Probe x2 (Chrono Boost)  
  77  5:21  Probe (Chrono Boost)  
  77  5:25  Probe x2 (Chrono Boost)  
  79  5:33  Forge, Gateway  
  79  5:34  Gateway  
  79  5:40  Dark Templar x3  
  85  5:47  Probe x3 (Chrono Boost)  
  88  5:51  Immortal  
  88  5:57  Protoss Ground Weapons Level 1 (Chrono Boost)  
  92  5:59  Probe (Chrono Boost)  
  92  6:02  Probe x2 (Chrono Boost)  
  91  6:09  Probe (Chrono Boost)  
  91  6:11  Charge  
  92  6:12  Probe x2 (Chrono Boost)  
  93  6:19  Zealot x3, Probe (Chrono Boost)  
  93  6:21  Probe  
  93  6:25  Assimilator  
  97  6:26  Assimilator  
  95  6:33  Archon  
  95  6:34  Probe x2  
  95  6:36  Immortal (Chrono Boost)  
  99  6:44  Gateway  
  99  6:45  Photon Cannon, Gateway  
  95  6:47  Gateway  
  95  6:49  Pylon  
  95  6:52  Pylon  
  95  6:55  Dark Templar x2  
  95  7:00  Templar Archives  
  99  7:01  Archon  
  99  7:05  Pylon  
  99  7:07  Pylon  
  99  7:11  Immortal (Chrono Boost)  
  99  7:14  Probe x2  
  105  7:24  Pylon  
  105  7:27  Robotics Facility, Psionic Storm  
  105  7:29  Nexus  
  105  7:30  Pylon  
  105  7:31  Zealot  
  105  7:32  Pylon  
  105  7:33  Zealot  
  105  7:34  Zealot  
  111  7:39  High Templar  
  111  7:40  High Templar  
  111  8:06  Protoss Ground Weapons Level 2  
  111  8:08  Probe  
  106  8:13  Zealot x8  
  106  8:19  Immortal x2 (Chrono Boost)  
  129  8:31  Gateway x2  
  129  8:33  Pylon  
  129  8:35  Pylon  
  129  8:37  Pylon  
  129  8:39  Pylon, High Templar x4  
  137  8:43  Archon  
  137  8:44  Archon  
  135  8:55  Photon Cannon  
  135  8:58  Immortal (Chrono Boost)  
  135  8:59  Immortal (Chrono Boost)  
  143  9:02  Pylon  
  143  9:03  Photon Cannon  
  143  9:13  High Templar  
  143  9:14  Zealot, High Templar  
  143  9:15  Zealot x2  
  143  9:16  Nexus  
  153  9:17  Pylon  
  153  9:20  Pylon  
  152  9:40  Immortal x2 (Chrono Boost)  
  152  9:42  Robotics Bay  
  160  9:52  Pylon  
  160  9:54  Pylon  
  160  9:55  Stargate  
  158  10:10  High Templar x3  
  158  10:11  High Templar  
  140  10:36  Photon Cannon  
  140  10:37  Photon Cannon  
  140  10:39  Zealot x3, Photon Cannon x2  
  140  10:40  Zealot, Photon Cannon, Protoss Ground Weapons Level 3  
  140  10:41  Photon Cannon  
  148  10:43  Pylon  
  148  10:44  Photon Cannon  
  148  10:46  Pylon  
  142  10:55  Photon Cannon  
  141  10:57  Photon Cannon  
  141  10:58  Photon Cannon  
  141  10:59  Oracle  
  141  11:01  Photon Cannon  
  141  11:02  Photon Cannon  
  144  11:04  Photon Cannon  
  144  11:07  Photon Cannon  
  144  11:08  Nexus  
  144  11:09  Photon Cannon  
  144  11:11  Photon Cannon  
  144  11:12  Photon Cannon  
  144  11:13  High Templar  
  144  11:14  Gateway, High Templar x3  
  144  11:17  Gateway  
  152  11:18  Archon x2  
  150  11:28  Zealot  
  144  11:37  Zealot x3  
  139  11:45  Warp Prism (Chrono Boost)  
  131  11:56  High Templar x2  
  131  11:57  High Templar x2  
  131  11:59  Probe x2  
  131  12:00  Probe, Nexus  
  131  12:01  Archon x2  
  141  12:03  Pylon  
  141  12:09  Zealot  
  141  12:10  Zealot  
  141  12:14  Observer (Chrono Boost)  
  146  12:22  High Templar  
  148  12:26  Probe  
  148  12:27  Probe x2  
  148  12:29  Assimilator  
  143  12:38  Probe  
  143  12:39  Probe x2  
  143  12:51  Probe x2  
  145  12:53  Probe  
  146  13:03  Probe x2, High Templar x6  
  160  13:07  Archon  
  160  13:08  Archon x2  
  160  13:10  Observer x2 (Chrono Boost)  
  162  13:16  Probe  
  162  13:17  Probe  
  161  13:41  Zealot x5  
  159  13:47  Probe  
  157  13:48  Probe x2  
  157  13:49  Probe  
  147  13:58  Probe  
  147  14:00  Probe x2  
  147  14:01  Probe  
  147  14:08  Probe, Gateway, Fleet Beacon  
  147  14:12  Probe  
  147  14:13  Probe  
  144  14:27  High Templar x4  
  144  14:30  Zealot  
  153  14:42  Archon  
  153  14:43  Archon  
  153  14:50  Stargate x2  
  153  14:57  Tempest  
  152  15:15  Nexus  
  152  15:18  Zealot x4, High Templar x2  
  152  15:19  Zealot  
  166  15:22  Pylon  
  166  15:36  Tempest (Chrono Boost)  
  166  15:42  Assimilator  
  165  15:54  Tempest (Chrono Boost), Assimilator  
  165  15:57  Zealot x4  
  155  16:08  Zealot x3  
  147  16:22  Tempest (Chrono Boost)  
  159  16:41  Tempest (Chrono Boost)  
  153  17:02  Tempest (Chrono Boost)  
  153  17:04  Zealot  
  159  17:21  Protoss Air Weapons Level 1  
  159  17:24  High Templar x2  
  163  17:36  Nexus  
  155  17:38  Probe  
  155  17:40  Probe x3  
  147  17:49  Probe  
  148  17:52  Probe x3  
  148  17:56  High Templar x2, Archon  
  155  18:00  Probe  
  155  18:02  Zealot, Archon  
  155  18:04  Probe  
  159  18:10  Probe x2  
  155  18:17  Observer  
  156  18:41  Observer  
  151  18:52  Observer  
  151  18:55  Oracle (Chrono Boost)  
  145  19:03  Probe  
  145  19:04  Probe x2  
  145  19:05  Probe  
  149  19:14  Probe  
  149  19:17  Probe x2  
  153  19:22  Nexus  
  152  19:24  Probe, Mothership Core  
  153  19:40  Protoss Ground Armor Level 1, Protoss Air Weapons Level 2  
  149  19:48  Pylon  
  148  20:31  Void Ray x2 (Chrono Boost)  
  159  20:36  Assimilator  
  159  20:40  Assimilator  
  158  20:43  Zealot  
  158  20:44  Zealot  
  158  20:45  Photon Cannon, Oracle (Chrono Boost)  
  158  20:47  Photon Cannon  
  162  21:03  Probe x2  
  162  21:05  Probe x3  
  167  21:14  Probe x2  
  167  21:17  Probe x3, Nexus  
  167  21:18  Oracle (Chrono Boost)  
  175  21:22  Zealot x3  
  156  21:37  Void Ray (Chrono Boost)  
  160  21:50  High Templar x2  
  164  21:59  Carrier (Chrono Boost)  
  170  22:26  Carrier (Chrono Boost)  
  180  22:37  Carrier (Chrono Boost)  
  178  22:47  Zealot x2  
  182  22:55  Probe  
  182  22:56  Probe x2  
  182  22:57  Probe x3  
  182  23:06  Probe  
  182  23:09  Probe x2  
  177  23:15  Carrier (Chrono Boost)  
  175  23:28  Assimilator  
  173  23:35  Blink  
  171  23:42  Carrier (Chrono Boost)  
  177  23:48  Zealot x5  
  177  23:49  Zealot  
  195  24:04  Carrier (Chrono Boost)  
  195  24:06  Probe  
  195  24:08  Probe x2  
  190  24:11  Probe x2  
  190  24:13  Probe  
  181  24:17  Probe  
  181  24:20  Probe x2  
  181  24:22  Probe  
  181  24:23  High Templar x4  
  187  24:25  Probe  
  187  24:33  Dark Templar x2  
  187  24:34  Probe x3  
  187  24:35  Probe  
  187  24:36  Probe  
  187  24:37  Probe  
  194  25:06  Dark Templar x2  
  195  25:13  Zealot x3  
  195  25:14  Zealot  
  180  25:21  Probe  
  180  25:23  Probe x2  
  178  25:31  Nexus  
  178  25:33  Probe  
  160  25:50  Probe  
  160  25:51  Probe  
  160  25:52  Probe x3  
  165  26:03  Pylon  
  165  26:10  Graviton Catapult  
  143  26:49  Probe  
  143  26:50  Probe  
  143  26:51  Probe  
  146  27:01  Probe  
  146  27:03  Probe  
  146  27:28  High Templar x4  
  144  27:40  Archon x2  
  144  27:41  Archon  
  134  27:55  High Templar x2  
  135  28:04  Archon  
  135  28:05  High Templar x4  
  118  28:27  Archon x2